 Dungeon Crawl Stone Soup version 0.22.1-2-g9c5b331383 (webtiles) character file.

392772 Gunterle the Ogre Mage (level 23, -10/216 HPs)
             Began as an Ogre Necromancer on Dec 13, 2018.
             Was the Champion of Hepliaklqana.
             Killed from afar by a deep troll earth mage (39 damage)
             ... with a blast of rock fragments
             ... on level 3 of the Depths on Dec 16, 2018.
             The game lasted 10:56:16 (63983 turns).

Gunterle the Ogre Mage (Ogre Necromancer)          Turns: 63983, Time: 10:56:16

Health: -10/216    AC: 14    Str: 18    XL:     23   Next: 13%
Magic:  37/45      EV: 16    Int: 31    God:    Hepliaklqana [******]
Gold:   1317       SH: 12    Dex: 13    Spells: 7/59 levels left

rFire    + + +     SeeInvis +   Q - +4 demon trident (flame)
rCold    + . .     Gourm    .   O - +1 shield {rF+}
rNeg     + . .     Faith    .   T - +4 troll leather armour
rPois    +         Spirit   .   K - -2 hat of the Alchemist {rElec rPois rF+ rC+ rN+ MR+ rMut rCorr}
rElec    +         Reflect  .   x - +0 cloak of the Dwarven Hall {rF+ MR+ Slay+3 SInv}
rCorr    +         Harm     .   (gloves unavailable)
rMut     +                      (boots unavailable)
MR       +++++                  S - amulet of regeneration
Stlth    ++........             o - +5 ring of protection
HPRegen  1.26/turn              C - ring of Elyvilon's Approval {MR+ Int+8 Dex+4}
MPRegen  0.29/turn

@: very slightly contaminated, hasted, very quick
A: large, unfitting armour, reduced essence, tough skin 1
}: 2/15 runes: decaying, gossamer
a: Recall Ancestor, Ancestor Identity, Transference, Idealise, Renounce Religion


You were on level 3 of the Depths.
You worshipped Hepliaklqana.
Hepliaklqana was exalted by your worship.
You were not hungry.

You visited 9 branches of the dungeon, and saw 44 of its levels.
You also visited: Labyrinth and Ice Cave.

You collected 4898 gold pieces.
You spent 3581 gold pieces at shops.

Inventory:

Hand Weapons
 j - a +9 antimagic spear
 m - a +2 flail of holy wrath
 n - the +6 quarterstaff "Reitzibb" {drain, rN++ MR+ MP+9 Str-2}
   (You found it on level 3 of the Vaults)

   A truly terrible weapon, it drains the life of those it strikes.
   It affects your strength (-2).
   It greatly protects you from negative energy.
   It affects your resistance to hostile enchantments.
   It affects your magic capacity (+9).
 B - a +1 demon trident of draining
 Q - a +4 demon trident of flaming (weapon)
Missiles
 y - 29 large rocks (quivered)
Armour
 x - the +0 cloak of the Dwarven Hall (worn) {rF+ MR+ Slay+3 SInv}
   (You bought it in a shop on level 2 of the Depths)

   It affects your accuracy and damage with ranged weapons and melee attacks
   (+3).
   It protects you from fire.
   It affects your resistance to hostile enchantments.
   It lets you see invisible.
 K - the -2 hat of the Alchemist (worn) {rElec rPois rF+ rC+ rN+ MR+ rMut rCorr}
   (You found it in a labyrinth)

   It protects you from fire.
   It protects you from cold.
   It insulates you from electricity.
   It protects you from poison.
   It protects you from negative energy.
   It affects your resistance to hostile enchantments.
   It provides partial protection from all sources of acid and corrosion.
   It protects you from mutation.
 O - a +1 shield of fire resistance (worn)
 T - a +4 troll leather armour (worn)
 X - a scarf of repulsion
Jewellery
 o - a +5 ring of protection (left hand)
 p - an uncursed ring of fire
 q - an uncursed ring of wizardry
 C - the ring of Elyvilon's Approval (right hand) {MR+ Int+8 Dex+4}
   (You found it on level 4 of the Dungeon)

   [ring of dexterity]

   It affects your intelligence (+8).
   It affects your dexterity (+4).
   It affects your resistance to hostile enchantments.
 P - an uncursed ring of protection from cold
 S - an amulet of regeneration (around neck)
 U - an uncursed ring of see invisible
Wands
 d - a wand of iceblast (36)
 u - a wand of digging (9)
 R - a wand of acid (10)
Scrolls
 e - 20 scrolls of remove curse
 f - a scroll of amnesia
 g - 18 scrolls of identify
 h - 11 scrolls of teleportation
 l - 7 scrolls of immolation
 r - 5 scrolls of magic mapping
 E - a scroll of enchant weapon
 G - 4 scrolls of fear
 H - 5 scrolls of summoning
 V - 2 scrolls of fog
 W - 2 scrolls of blinking
Potions
 a - a potion of cancellation
 i - a potion of resistance
 k - 2 potions of might
 v - a potion of invisibility
 z - 6 potions of agility
 D - 3 potions of flight
 F - 8 potions of ambrosia
 I - 7 potions of heal wounds
 J - 2 potions of brilliance
 M - a potion of haste
 N - 13 potions of curing
 Z - 7 potions of lignification
Miscellaneous
 b - a fan of gales (inert)
 s - a phantom mirror
 w - a sack of spiders
 L - a box of beasts
 Y - a phial of floods
Comestibles
 c - 45 rations


   Skills:
 + Level 16.7 Fighting
 - Level 0.7 Maces & Flails
 + Level 13.2 Polearms
 - Level 5.9 Armour
 + Level 12.1 Dodging
 - Level 1.4 Stealth
 - Level 9.4 Shields
 * Level 18.5 Spellcasting
 * Level 9.7 Conjurations
 - Level 5.2 Hexes
 - Level 4.0 Charms
 - Level 6.0 Summonings
 + Level 14.0 Necromancy
 - Level 2.1 Translocations
 - Level 3.3 Ice Magic
 + Level 11.5 Air Magic
 + Level 8.5 Earth Magic
 - Level 10.2 Invocations
 - Level 0.1 Evocations


You had 7 spell levels left.
You knew the following spells:

 Your Spells              Type           Power        Failure   Level  Hunger
a - Pain                  Necr           ####         0%          1    None
b - Animate Skeleton      Necr           N/A          0%          1    None
c - Vampiric Draining     Necr           #######...   0%          3    None
d - Regeneration          Chrm/Necr      ######....   1%          3    None
e - Animate Dead          Necr           N/A          1%          4    None
f - Summon Lightning Spi  Summ/Air       ######..     1%          4    None
g - Spectral Weapon       Hex/Chrm       ######..     1%          3    None
h - Ozocubu's Armour      Chrm/Ice       ######..     1%          3    None
i - Apportation           Tloc           #####.       1%          1    None
j - Borgnjor's Vile Clut  Necr/Erth      #######...   1%          5    None
k - Silence               Hex/Air        ######....   1%          5    None
l - Swiftness             Chrm/Air       ######..     1%          2    None
m - Dispel Undead         Necr           #######.     1%          5    None
n - Bolt of Draining      Conj/Necr      #######...   1%          5    None
o - Shroud of Golubria    Chrm/Tloc      #####.....   1%          2    None
p - Lee's Rapid Deconstr  Erth           ######....   1%          5    None

Your spell library contained the following spells:

 Spells                   Type           Power        Failure   Level  Hunger
 Corpse Rot               Necr           N/A          0%          2    None
 Sublimation of Blood     Necr           #######...   0%          2    None
 Beastly Appendage        Tmut           ####..       1%          1    None
 Confusing Touch          Hex            ######       1%          1    None
 Corona                   Hex            ######.      1%          1    None
 Flame Tongue             Conj/Fire      #####        1%          1    None
 Freeze                   Ice            ####         1%          1    None
 Infusion                 Chrm           ####         1%          1    None
 Magic Dart               Conj           ####         1%          1    None
 Sandblast                Erth           ######       1%          1    None
 Summon Small Mammal      Summ           ####         1%          1    None
 Blink                    Tloc           N/A          1%          2    None
 Call Imp                 Summ           ######..     1%          2    None
 Ensorcelled Hibernation  Hex/Ice        ######       1%          2    None
 Passwall                 Tmut/Erth      ######..     1%          2    None
 Slow                     Hex            ######..     1%          2    None
 Song of Slaying          Chrm           ######..     1%          2    None
 Throw Flame              Conj/Fire      ######       1%          2    None
 Throw Frost              Conj/Ice       ######       1%          2    None
 Call Canine Familiar     Summ           ######..     1%          3    None
 Confuse                  Hex            ######..     1%          3    None
 Conjure Flame            Conj/Fire      ######..     1%          3    None
 Gell's Gravitas          Tloc           #####.....   1%          3    None
 Inner Flame              Hex/Fire       #####...     1%          3    None
 Lesser Beckoning         Tloc           #####.....   1%          3    None
 Mephitic Cloud           Conj/Pois/Air  ######..     1%          3    None
 Portal Projectile        Hex/Tloc       ######       1%          3    None
 Recall                   Summ/Tloc      N/A          1%          3    None
 Static Discharge         Conj/Air       #######.     1%          3    None
 Stone Arrow              Conj/Erth      ######       1%          3    None
 Summon Guardian Golem    Hex/Summ       ######..     1%          3    None
 Teleport Other           Tloc           #####...     1%          3    None
 Airstrike                Air            #######...   1%          4    None
 Cause Fear               Hex            ######....   1%          4    None
 Force Lance              Conj/Tloc      ######..     1%          4    None
 Leda's Liquefaction      Hex/Erth       ######....   1%          4    None
 Sticky Flame             Conj/Fire      ######..     1%          4    None
 Throw Icicle             Conj/Ice       ######..     1%          4    None
 Agony                    Necr           #######.     1%          5    None
 Excruciating Wounds      Chrm/Necr      ######....   1%          5    None
 Lightning Bolt           Conj/Air       #######...   1%          5    None
 Sticks to Snakes         Tmut           ####....     2%          2    None
 Petrify                  Tmut/Erth      ######..     2%          4    None
 Summon Ice Beast         Ice/Summ       ######..     2%          4    None
 Iskenderun's Battlesphe  Conj/Chrm      ######..     2%          5    None
 Ignite Poison            Fire/Tmut/Pois ####....     4%          3    None
 Spider Form              Tmut/Pois      ####......   4%          3    None
 Summon Mana Viper        Hex/Summ       ######..     4%          5    None
 Iron Shot                Conj/Erth      ######....   5%          6    None
 Passage of Golubria      Tloc           N/A          6%          4    None
 Fireball                 Conj/Fire      ######....   6%          5    None
 Irradiate                Conj/Tmut      ######....   6%          5    None
 Ice Form                 Ice/Tmut       #####...     8%          4    None
 Metabolic Englaciation   Hex/Ice        ######....   8%          5    None
 Deflect Missiles         Chrm/Air       ######....   10%         6    None
 Olgreb's Toxic Radiance  Pois           ####....     16%         4    None
 Yara's Violent Unravell  Hex/Tmut       #####.....   16%         5    None
 Shadow Creatures         Summ           N/A          21%         6    None
 Darkness                 Hex            ######....   28%         6    None
 Invisibility             Hex            ######..     28%         6    None
 Statue Form              Tmut/Erth      ######...    38%         6    None
 Alistair's Intoxication  Tmut/Pois      ####....     41%         5    None
 Blade Hands              Tmut           ####......   41%         5    None
 Spellforged Servitor     Conj/Summ      ######....   45%         7    ####...
 Dispersal                Tloc           #####.....   69%         6    None
 Hydra Form               Tmut           ####......   94%         6    None
 Dragon Form              Tmut           ####......   100%        7    ####...
 Controlled Blink         Tloc           N/A          100%        8    #####..
 Disjunction              Tloc           #####.....   100%        8    #####..
 Ignition                 Fire           ####......   100%        8    #####..
 Shatter                  Erth           ######....   100%        9    #######
 Tornado                  Air            #######...   100%        9    #######


Dungeon Overview and Level Annotations

Branches:
Dungeon (15/15)            Temple (1/1) D:5            Lair (6/6) D:8
  Swamp (4/4) Lair:3       Spider (4/4) Lair:4        Slime (0/5) Lair:5
    Orc (2/2) D:10            Elf (3/3) Orc:2        Vaults (4/5) D:14
  Crypt (0/3) Vaults:2     Depths (5/5) D:15
    Zot: Depths:5

Altars:
Ashenzari
Cheibriados
Dithmenos
Elyvilon
Fedhas
Gozag
Hepliaklqana
Kikubaaqudgha
Makhleb
Nemelex Xobeh
Okawaru
Qazlal
Ru
Sif Muna
Trog
Uskayaw
Vehumet
Wu Jian
Xom
Yredelemnul
Zin
The Shining One
Jiyva

Shops:
D:7 =   D:9 (   D:14 %%!(   Orc:1 %   Orc:2 ?[*?   Elf:3 ?   Vaults:4 *
Depths:1 [   Depths:2 [:[   Depths:3 :

Portals:
Hell: Depths:1 Depths:2 Depths:4
Abyss: Depths:1 Depths:2 Depths:3 Depths:4
Pandemonium: Depths:4
Ziggurat: Depths:2

Annotations:
Lair:5 exclusion: downstairs
Elf:2 1 runed door, Gargoyl's ghost, adept CeAK
Vaults:4 exclusion: 4 downstairs
Depths:2 3 runed doors, Pepega's ghost, adept CeHu
Depths:3 Asterion; Jory


Innate Abilities, Weirdness & Mutations

You are too large for most types of armour.
You have tough skin. (AC +1)
Your life essence is reduced to manifest your ancestor. (-10% HP)


Message History

* * * LOW HITPOINT WARNING * * *
The deep troll earth mage bites you but does no damage.
You block the deep troll earth mage's attack.
The deep troll earth mage claws you!
* * * LOW HITPOINT WARNING * * *
The deep troll bites you!
* * * LOW HITPOINT WARNING * * *
The deep troll misses you. You block the deep troll's attack.
Blink to where?
Press: ? - help, Dir - move target cursor You are very lightly contaminated with residual magic.
As you read the scroll of blinking, it crumbles to dust.
A slime creature comes into view.
The slime creature quivers.
The yaktaur shoots a bolt.
You block the bolt.
You hear a shout!
Found 16 gold pieces.
You feel yourself speed up.
The wall shatters!
The blast of rock fragments hits you!
You die...

*,,,,,,,** **,,
#**********,,.....,* ***,,,
,,,,,,,,,,*,,,....,* **,,,,,
*********,***,$J..** **,,,,,,
,,,,,,,**,****,..#* **,**,,,,
*******,*,,,,,,..# *,,,,,,,,
,+,,,,*,*,,****#.## ****,,,,,,,,
,*,,,,*,*,,* #..# *,,,,,,,,,,,
,*,,,,*,#.** *#@## *....,,,,,,,
,*,,,∩*,#.* ##...####....,,,,,,*
,******+#.####.##........,,,,,,*,
*,,,,,,,#..#...........#,,,,,,,**
#########..#..........##*,,,∩,,,*
T......................##..,,,,,*
###..............QTV.......,,,,,*
.###........ci...T.§<###*,**,,,**
#.#....###..TT#......# ****,,**


You could see Jory, a slime creature, a tengu warrior, 2 deep trolls and a
yaktaur.

Vanquished Creatures
  Sojobo (Depths:2)
  3 liches
  A tentacled monstrosity (Swamp:1)
  2 deep elf blademasters (Elf:3)
  2 sphinxes (Vaults:4)
  2 deep elf master archers (Elf:3)
  A thorn hunter (Swamp:4)
  A tengu reaver (Depths:2)
  Roxanne (Spider:3)
  A fire giant (Vaults:2)
  A frost giant (Vaults:1)
  A deep elf sorcerer (Vaults:2)
  3 ghost moths
  2 vault wardens
  5 emperor scorpions
  11 ironheart preservers
  3 stone giants
  6 deep elf elementalists (Elf:3)
  4 very ugly things
  8 deep elf demonologists
  3 entropy weavers
  7 deep elf annihilators
  A minotaur (Lab)
  3 spark wasps
  9 deep elf death magi
  A crystal guardian (Vaults:4)
  8 ettins
  3 fire dragons
  Josephine (D:11)
  6 yaktaur captains
  9 vault guards
  5 ice dragons
  4 great orbs of eyes
  9 hydras
  7 alligators
  A spriggan air mage (Depths:3)
  A catoblepas (D:14)
  A ghost crab (Swamp:3)
  8 centaur warriors
  12 two-headed ogres
  4 death knights
  6 ogre magi
  A deep troll shaman (Depths:2)
  23 dancing weapons
  3 death yaks
  A tengu warrior (Depths:2)
  A shock serpent (shapeshifter) (Elf:3)
  3 orc high priests (Orc:2)
  20 deep elf knights
  A small abomination (Vaults:1)
  5 skeletal warriors
  A fire crab (shapeshifter) (Vaults:4)
  5 hell knights (Depths:2)
  An iron troll (Depths:2)
  2 spriggan druids
  A golden dragon zombie (Vaults:4)
  4 deep trolls
  A wizard (Vaults:2)
  A glowing orange brain (Vaults:3)
  12 deep elf archers
  A flayed ghost (Vaults:4)
  14 ironbrand convokers
  16 orb spiders
  Pikel (D:4)
  A necromancer (Vaults:2)
  8 orc knights
  4 shambling mangroves
  51 deep elf magi
  2 orc sorcerers
  4 manticores
  14 wolf spiders
  3 harpies
  2 cyclopes
  27 ugly things
  A moth of wrath (shapeshifter) (Depths:1)
  5 moths of wrath
  A black mamba (Lair:6)
  Joseph (D:7)
  2 elephants
  2 ice statues (IceCv)
  3 gargoyles
  4 spiny frogs
  7 vault sentinels
  3 spectral swamp worms (Depths:1)
  A rime drake (shapeshifter) (Depths:1)
  6 komodo dragons
  18 yaktaurs
  9 demonic crawlers
  2 freezing wraiths
  An ice devil (Orc:2)
  A tengu conjurer (Depths:2)
  7 trolls
  11 jumping spiders
  A merfolk (D:10)
  20 hornets
  6 tyrant leeches
  13 slime creatures
  5 bog bodies
  A blink frog (shapeshifter) (Vaults:2)
  A fire giant simulacrum (Vaults:4)
  7 blink frogs
  An ettin zombie (Vaults:4)
  7 hippogriffs
  2 air elementals
  4 spriggans
  A water elemental (D:13)
  A tarantella (shapeshifter) (Vaults:4)
  11 tarantellas
  33 redbacks
  3 fire elementals (Elf:3)
  2 hungry ghosts
  A human (shapeshifter) (Vaults:2)
  3 wyverns
  14 yaks
  2 wraiths
  A yak (shapeshifter) (Vaults:1)
  Eustachio (D:5)
  14 vampire mosquitoes
  A basilisk (Lair:1)
  Menkaure (D:6)
  5 wargs
  A deep troll zombie (Vaults:4)
  9 swamp worms
  3 insubstantial wisps
  Edmund (D:5)
  4 water moccasins
  5 acid dragons
  7 porcupines
  26 orc warriors
  8 swamp drakes
  2 sky beasts
  2 eyes of draining
  10 ice beasts
  An ettin simulacrum (Vaults:4)
  A slave (D:4)
  An eye of draining (shapeshifter) (Vaults:1)
  8 boggarts (Vaults:3)
  13 ogres
  20 centaurs
  A wolf (D:8)
  5 crocodiles
  3 big kobolds
  15 bullfrogs
  Blork the orc (D:4)
  2 elf zombies (D:5)
  An earth elemental (Elf:1)
  A gnoll sergeant (D:9)
  3 elf skeletons
  2 wyvern skeletons
  5 wights
  A human simulacrum (Vaults:3)
  6 electric eels
  2 howler monkeys
  4 hounds
  3 jellies
  10 crimson imps
  2 human zombies (D:5)
  A centaur zombie (D:5)
  27 orc priests
  A centaur skeleton (D:7)
  23 orc wizards
  An iguana (D:6)
  9 worker ants
  2 human skeletons
  A howler monkey zombie (D:5)
  4 gnolls (D:9)
  2 worker ant zombies
  12 adders
  3 shadow imps
  2 oozes
  3 worms (D:2)
  6 leopard geckos
  79 orcs
  A ball python (D:1)
  7 giant cockroaches
  9 hobgoblins
  10 jackals
  15 kobolds
  4 quokkas
  10 bats
  4 frilled lizards
  8 goblins
  2 jackal skeletons
  A jackal zombie (D:7)
  2 orc skeletons (D:5)
  2 orc zombies (D:5)
  A quokka skeleton (D:7)
  A quokka zombie (D:6)
  7 rats
  5 crawling corpses (Elf:3)
  2 fungi
  A plant (D:12)
1106 creatures vanquished.

Vanquished Creatures (collateral kills)
  Nikola (Swamp:1)
  Arachne (Spider:2)
  A sphinx (Vaults:3)
  A tengu reaver (Depths:1)
  A deep elf sorcerer (Elf:3)
  4 vault wardens
  An orc warlord (Orc:2)
  3 fire giants
  A frost giant (Depths:2)
  2 ghost moths
  A ghoul (Vaults:3)
  5 emperor scorpions
  6 very ugly things
  4 ironheart preservers
  7 stone giants
  A war gargoyle (Vaults:3)
  2 entropy weavers (Spider:4)
  3 spark wasps
  A dire elephant (shapeshifter) (Depths:2)
  3 deep elf annihilators
  7 ettins
  2 fire dragons
  2 deep elf death magi
  3 yaktaur captains
  3 great orbs of eyes
  Fannar (D:11)
  2 rakshasas (Depths:2)
  4 vault guards
  4 ice dragons
  4 catoblepae
  14 hydras
  7 centaur warriors
  3 ogre magi
  2 death knights
  2 deep troll shamans (Depths:2)
  5 dancing weapons
  5 tengu warriors (Depths:2)
  6 alligators
  12 death yaks
  12 two-headed ogres
  An orc high priest (Orc:2)
  2 deep troll earth magi
  Urug (D:13)
  10 deep elf knights
  4 skeletal warriors
  6 deep trolls
  An unseen horror (D:11)
  A glowing orange brain (Vaults:3)
  2 hell knights (Depths:2)
  A shadow wraith (Vaults:3)
  2 wizards
  4 deep elf archers
  5 ironbrand convokers
  7 swamp dragons
  A phantasmal warrior (Vaults:3)
  8 orc knights
  A harpy (shapeshifter) (Vaults:4)
  14 wolf spiders
  2 orb spiders
  7 harpies
  23 deep elf magi
  4 orc sorcerers
  3 cyclopes
  3 necromancers
  22 ugly things
  2 manticores (Lair:6)
  7 elephants
  A stone giant skeleton (Vaults:4)
  4 vault sentinels
  A cyclops (shapeshifter) (Depths:2)
  Maurice (D:11)
  9 spiny frogs
  2 gargoyles
  2 spectral swamp worms (Depths:1)
  3 freezing wraiths
  11 demonic crawlers
  3 komodo dragons
  10 yaktaurs
  An ice devil (Orc:2)
  2 trolls
  15 jumping spiders
  A polar bear (Lair:4)
  18 hornets
  3 tyrant leeches
  A blink frog (Lair:1)
  21 slime creatures
  3 bog bodies
  A stone giant simulacrum (Vaults:2)
  3 hippogriffs
  2 air elementals
  A centaur simulacrum (D:13)
  A vampire (D:11)
  3 spriggans
  6 shadows
  3 tarantellas
  5 water elementals
  22 yaks
  A wyvern (Lair:4)
  7 wraiths
  21 redbacks
  4 fire elementals
  2 basilisks
  2 steam dragons
  4 hungry ghosts
  Grum (D:8)
  5 wargs
  14 vampire mosquitoes
  9 insubstantial wisps
  A soldier ant (shapeshifter) (Vaults:3)
  8 swamp worms
  An acid dragon (D:14)
  6 water moccasins
  10 swamp drakes
  5 porcupines
  3 ice beasts
  13 orc warriors
  14 ogres
  3 sky beasts
  4 boggarts (Vaults:2)
  2 phantoms
  3 centaurs
  An elf skeleton (Vaults:4)
  2 wolves (D:8)
  12 crocodiles
  A big kobold (D:12)
  9 bullfrogs
  A wyvern zombie (D:14)
  An earth elemental (Elf:3)
  2 wyvern skeletons
  6 electric eels
  6 wights
  A howler monkey (D:6)
  2 hounds
  3 orc priests
  A bullfrog skeleton (D:12)
  2 centaur skeletons
  2 jellies
  8 orc wizards
  2 worker ants
  2 human simulacra
  A hound skeleton (D:11)
  A gnoll (D:9)
  An adder (D:2)
  An adder skeleton (D:4)
  A worm (D:2)
  28 orcs
  A bat (D:3)
  A hobgoblin (D:2)
  8 kobolds (D:12)
  A rat (D:3)
  5 briar patches (Swamp:4)
  4 crawling corpses
  7 fungi
  3 plants
722 creatures vanquished.

Vanquished Creatures (others)
  A stone giant (Depths:3)
  A dancing weapon (Elf:2)
  An ogre mage (Vaults:1)
  A spriggan (Swamp:1)
  A deep elf archer (Vaults:1)
  An orc knight (Vaults:4)
  A yaktaur (Vaults:4)
  A hornet (Swamp:1)
  A wyvern (D:10)
  A slave (D:7)
  A bullfrog (D:7)
  28 knights
  An orc priest (D:7)
  An orc wizard (D:4)
  13 ancestors
  A worker ant (D:7)
  A human simulacrum (D:10)
  A worm (D:2)
  A dart slug (D:2)
  2 orcs
  7 fungi
  12 plants
  14 spectral weapons
93 creatures vanquished.

Grand Total: 1921 creatures vanquished

Notes
Turn   | Place    | Note
-------+----------+-------------------------------------------
     0 | D:1      | Gunterle the Ogre Necromancer began the quest for the Orb.
     0 | D:1      | Reached XP level 1. HP: 16/16 MP: 3/3
   702 | D:1      | Reached XP level 2. HP: 24/24 MP: 3/5
   705 | D:1      | Learned a level 1 spell: Animate Skeleton
  1329 | D:1      | Reached XP level 3. HP: 16/32 MP: 1/7
  1334 | D:1      | Learned a level 3 spell: Vampiric Draining
  1611 | D:2      | Reached skill level 1 in Fighting
  1650 | D:2      | Found a radiant altar of Vehumet.
  1968 | D:2      | Reached skill level 3 in Spellcasting
  2235 | D:2      | Reached XP level 4. HP: 41/41 MP: 5/8
  2278 | D:2      | Found a sacrificial altar of Ru.
  2309 | D:2      | Noticed a centaur
  2325 | D:2      | Killed a centaur
  2325 | D:2      | Reached skill level 1 in Polearms
  2325 | D:2      | Reached XP level 5. HP: 15/49 MP: 1/10
  2823 | D:2      | Learned a level 3 spell: Regeneration
  3415 | D:3      | Found a faded altar of an unknown god.
  3509 | D:3      | Reached skill level 5 in Necromancy
  3637 | D:3      | Reached XP level 6. HP: 58/59 MP: 11/11
  3643 | D:3      | Learned a level 4 spell: Animate Dead
  4178 | D:4      | Got a brightly glowing granite ring
  4322 | D:4      | Noticed a slave
  4322 | D:4      | Noticed a slave
  4323 | D:4      | Found an opulent altar of Gozag.
  4323 | D:4      | Noticed a slave
  4323 | D:4      | Noticed a slave
  4354 | D:4      | Killed a slave
  4436 | D:4      | Noticed Pikel
  4454 | D:4      | Killed Pikel
  4454 | D:4      | Reached skill level 4 in Spellcasting
  4454 | D:4      | Reached XP level 7. HP: 71/71 MP: 2/14
  4906 | D:4      | Identified the ring of Elyvilon's Approval {MR+ Int+8
                  | Dex+4} (You found it on level 4 of the Dungeon)
  4912 | D:5      | Entered Level 5 of the Dungeon
  4912 | D:5      | Noticed Blork the orc
  4929 | D:4      | Killed Blork the orc
  5286 | D:5      | Reached XP level 8. HP: 70/79 MP: 15/15
  5416 | D:5      | Reached skill level 5 in Spellcasting
  5437 | D:5      | Reached skill level 5 in Fighting
  5444 | D:5      | Found a sand-covered staircase.
  5463 | D:5      | Noticed Eustachio
  6518 | D:5      | Found a staircase to the Ecumenical Temple.
  6524 | Temple   | Entered the Ecumenical Temple
  7075 | D:5      | Killed Eustachio
  7649 | D:5      | Reached XP level 9. HP: 73/89 MP: 17/17
  8078 | D:6      | Noticed Edmund
  8249 | D:5      | Killed Edmund
  8249 | D:5      | Reached skill level 6 in Spellcasting
  9149 | D:6      | Noticed Menkaure
  9181 | D:6      | Killed Menkaure
  9429 | D:6      | Noticed a deep elf mage
  9450 | D:6      | Killed a deep elf mage
  9450 | D:6      | Reached skill level 5 in Polearms
 10142 | D:6      | Reached XP level 10. HP: 85/102 MP: 9/20
 10267 | D:6      | Reached skill level 7 in Spellcasting
 10998 | D:7      | Found Eqavaysm's Jewellery Emporium.
 11028 | D:7      | Noticed Joseph
 11328 | D:7      | Killed Joseph
 11745 | D:7      | Found a burning altar of Makhleb.
 12041 | D:7      | Found a white marble altar of Elyvilon.
 12305 | D:7      | Found a basalt altar of Yredelemnul.
 12309 | D:7      | Found an opulent altar of Gozag.
 12315 | D:7      | Found a bloodstained altar of Trog.
 12376 | D:8      | Reached skill level 5 in Dodging
 12701 | D:8      | Noticed a death yak
 12876 | D:8      | Noticed Grum
 12885 | D:8      | Killed Grum
 13341 | D:8      | Found a staircase to the Lair.
 13341 | D:8      | Noticed a death yak
 13681 | D:8      | Noticed a death yak
 13856 | D:8      | Learned a level 4 spell: Summon Lightning Spire
 13860 | D:8      | Learned a level 3 spell: Summon Guardian Golem
 13910 | D:9      | Reached XP level 11. HP: 103/113 MP: 11/22
 14128 | D:9      | Reached skill level 8 in Spellcasting
 14285 | D:9      | Learned a level 3 spell: Ozocubu's Armour
 14316 | D:9      | Reached skill level 1 in Summonings
 14348 | D:9      | Noticed a skeletal warrior
 14349 | D:9      | Noticed a skeletal warrior
 14349 | D:9      | Noticed a skeletal warrior
 14400 | D:9      | Killed a skeletal warrior
 14400 | D:9      | Reached skill level 1 in Armour
 14515 | D:9      | Reached skill level 1 in Ice Magic
 14713 | D:9      | Found a hide-covered altar of Uskayaw.
 14713 | D:9      | Found an iron altar of Okawaru.
 14713 | D:9      | Found a burning altar of Makhleb.
 14713 | D:9      | Found a white marble altar of Elyvilon.
 14719 | D:9      | Found a stormy altar of Qazlal.
 14719 | D:9      | Found a hazy altar of Hepliaklqana.
 14728 | D:9      | Became a worshipper of Hepliaklqana the Forgotten
 14764 | D:9      | Found Cunyaf's Antique Weapon Shoppe.
 15644 | D:7      | Killed a death yak
 15840 | Lair:1   | Entered Level 1 of the Lair of Beasts
 16271 | D:8      | Reached skill level 1 in Air Magic
 17403 | Lair:2   | Reached * piety under Hepliaklqana
 17510 | Lair:2   | Reached skill level 1 in Invocations
 17578 | Lair:1   | HP: 5/103 [blink frog (17)]
 18226 | Lair:2   | Reached XP level 12. HP: 82/110 MP: 17/24
 18672 | Lair:3   | Reached skill level 9 in Spellcasting
 19067 | Lair:3   | Noticed a four-headed hydra
 19079 | Lair:3   | Killed a four-headed hydra
 19465 | Lair:3   | Reached ** piety under Hepliaklqana
 19466 | Lair:3   | Remembered your ancestor Belessunu as a knight
 19648 | Lair:3   | Found a staircase to the Swamp.
 19978 | Lair:3   | Identified 2 scrolls of acquirement
 19980 | Lair:3   | Identified the Disquisition on Helpful Moulding (You
                  | acquired it on level 3 of the Lair of Beasts)
 20057 | Lair:4   | Noticed a death yak
 20059 | Lair:4   | Noticed a death yak
 20108 | Lair:3   | Killed a death yak
 20285 | Lair:4   | Noticed a death yak
 20288 | Lair:4   | Noticed a death yak
 20306 | Lair:4   | Killed a death yak
 20445 | Lair:4   | Killed a death yak
 20460 | Lair:4   | Killed a death yak
 20460 | Lair:4   | Reached skill level 5 in Armour
 20700 | Lair:4   | Reached skill level 10 in Fighting
 20764 | Lair:4   | Found a hole to the Spider Nest.
 20976 | Lair:4   | You fall through a shaft for 2 floors!
 20976 | Lair:6   | Entered Level 6 of the Lair of Beasts
 20976 | Lair:6   | Noticed a catoblepas
 20980 | Lair:6   | Noticed a death yak
 20981 | Lair:6   | Noticed a death yak
 20985 | Lair:6   | Reached *** piety under Hepliaklqana
 21006 | Lair:5   | Found a viscous altar of Jiyva.
 21006 | Lair:5   | Found a staircase to the Slime Pits.
 21006 | Lair:5   | Noticed a catoblepas
 21271 | Lair:5   | Reached skill level 10 in Spellcasting
 21619 | Lair:5   | Reached **** piety under Hepliaklqana
 21990 | Lair:4   | Reached XP level 13. HP: 119/119 MP: 27/27
 22137 | Lair:5   | Reached skill level 5 in Summonings
 24307 | D:8      | Reached skill level 5 in Invocations
 24376 | D:8      | HP: 4/122 [death yak (22)]
 24377 | D:8      | Reached skill level 11 in Spellcasting
 24683 | D:10     | Entered Level 10 of the Dungeon
 24830 | D:10     | Reached ***** piety under Hepliaklqana
 25032 | D:10     | Found a staircase to the Orcish Mines.
 25579 | D:10     | Learned a level 1 spell: Apportation
 25596 | D:10     | Learned a level 5 spell: Borgnjor's Vile Clutch
 25706 | D:11     | Noticed Fannar
 25719 | D:11     | Killed Fannar
 25947 | D:11     | HP: 4/123 [vampire (9)]
 26314 | D:11     | Reached XP level 14. HP: 131/131 MP: 20/29
 26338 | D:11     | Reached skill level 1 in Earth Magic
 26343 | D:11     | Reached skill level 10 in Necromancy
 26383 | D:11     | Noticed Josephine
 26413 | D:11     | Reached skill level 1 in Charms
 26416 | D:11     | Killed Josephine
 26492 | D:11     | Noticed Maurice
 26499 | D:11     | Killed Maurice
 26961 | D:11     | Learned a level 5 spell: Silence
 28012 | Orc:1    | Entered Level 1 of the Orcish Mines
 28084 | Orc:1    | Found Cutocuh's Food Emporium.
 28105 | Orc:1    | Found a bloodstained altar of Trog.
 28646 | Orc:2    | Entered Level 2 of the Orcish Mines
 28647 | Orc:2    | Noticed an orc warlord
 28728 | Orc:2    | Found a frozen archway.
 28751 | IceCv    | Entered an ice cave
 28846 | IceCv    | Found a transporter.
 28867 | IceCv    | Found a transporter.
 29069 | Orc:2    | Paralysed by an orc sorcerer for 2 turns
 29337 | Orc:2    | Found a staircase to the Elven Halls.
 29476 | Orc:2    | Killed an orc warlord
 29847 | Orc:2    | Reached skill level 12 in Spellcasting
 30027 | Orc:2    | Found Irof's Antique Armour Boutique.
 30027 | Orc:2    | Found Bopy Faapn's Magic Scroll Boutique.
 30030 | Orc:2    | Found Mov Maom's Magic Scroll Shoppe.
 30030 | Orc:2    | Found Syraug's General Store.
 30100 | Orc:2    | Bought a scroll of amnesia for 56 gold pieces
 30104 | Orc:2    | Bought a scroll of identify for 32 gold pieces
 30104 | Orc:2    | Bought a scroll of identify for 32 gold pieces
 30104 | Orc:2    | Bought a scroll of enchant weapon for 120 gold pieces
 30104 | Orc:2    | Bought a scroll of identify for 32 gold pieces
 30104 | Orc:2    | Bought a scroll of enchant weapon for 120 gold pieces
 30112 | Orc:2    | Bought a scroll of brand weapon for 300 gold pieces
 30112 | Orc:2    | Bought a scroll of magic mapping for 52 gold pieces
 30114 | Orc:2    | Bought a scroll of enchant weapon for 127 gold pieces
 30114 | Orc:2    | Bought a scroll of magic mapping for 59 gold pieces
 30131 | Orc:2    | Bought a scroll of identify for 32 gold pieces
 30131 | Orc:2    | Bought a scroll of identify for 32 gold pieces
 30131 | Orc:2    | Bought a scroll of blinking for 120 gold pieces
 30438 | D:13     | Reached ****** piety under Hepliaklqana
 30849 | D:13     | Noticed a fire giant
 31110 | D:13     | Found a sacrificial altar of Ru.
 31524 | D:13     | Noticed Urug
 31530 | D:13     | Killed Urug
 31600 | D:13     | Reached XP level 15. HP: 140/140 MP: 22/31
 31747 | D:13     | Found the +7 sceptre of Torment
 31855 | D:13     | Killed a fire giant
 32006 | D:13     | Noticed a fire giant
 32012 | D:13     | Killed a fire giant
 32095 | D:14     | Found Hiuh's Distillery.
 32103 | D:14     | Bought a potion of resistance for 120 gold pieces
 32166 | D:14     | Found Ulotweme's Food Emporium.
 32167 | D:14     | Found Paacrext's Food Shop.
 32356 | D:14     | Found a gate to the Vaults.
 33368 | D:14     | Found Omoixam's Weapon Shoppe.
 33621 | D:15     | Entered Level 15 of the Dungeon
 33727 | D:15     | Found a labyrinth entrance.
 33747 | Lab      | Entered a labyrinth
 34158 | Lab      | Found the -2 hat of the Alchemist {rElec rPois rF+ rC+ rN+
                  | MR+ rMut rCorr}
 34253 | D:15     | Reached skill level 1 in Shields
 34735 | D:15     | Found a staircase to the Depths.
 35101 | D:15     | Reached skill level 5 in Shields
 35479 | Swamp:1  | Entered Level 1 of the Swamp
 35829 | Swamp:1  | Reached XP level 16. HP: 148/148 MP: 11/32
 35840 | Swamp:1  | Noticed Nikola
 35993 | Swamp:1  | Killed Nikola
 36638 | Swamp:1  | Noticed a tentacled monstrosity
 36650 | Swamp:1  | Killed a tentacled monstrosity
 36876 | Swamp:2  | Paralysed by a hornet for 2 turns
 37931 | Swamp:2  | Reached skill level 13 in Spellcasting
 38198 | Swamp:3  | Reached skill level 1 in Hexes
 38198 | Swamp:3  | Reached skill level 5 in Air Magic
 38744 | Swamp:4  | Entered Level 4 of the Swamp
 39654 | Swamp:4  | Noticed a thorn hunter
 39670 | Swamp:4  | Killed a thorn hunter
 39828 | Swamp:4  | Reached XP level 17. HP: 143/157 MP: 12/34
 40199 | Swamp:4  | Got a decaying rune of Zot
 40287 | Swamp:4  | Reached skill level 10 in Polearms
 40706 | Elf:1    | Entered Level 1 of the Elven Halls
 41531 | Elf:1    | Identified the Incunabulum of Damage Dealing
 41815 | Elf:1    | Reached skill level 14 in Spellcasting
 42655 | Elf:2    | Found a runed door.
 42655 | Elf:2    | Noticed Gargoyl's ghost (adept CeAK)
 42885 | Elf:2    | Found a runed gate.
 42885 | Elf:2    | Found a runed gate.
 42885 | Elf:2    | Found a runed gate.
 43921 | Elf:2    | Reached XP level 18. HP: 100/168 MP: 27/36
 44569 | Elf:3    | Entered Level 3 of the Elven Halls
 44955 | Elf:3    | Found Mifufel's Magic Scroll Boutique.
 44963 | Elf:3    | Bought a scroll of enchant armour for 127 gold pieces
 44963 | Elf:3    | Bought a scroll of enchant weapon for 127 gold pieces
 44963 | Elf:3    | Bought a scroll of magic mapping for 59 gold pieces
 45004 | Elf:3    | Learned a level 2 spell: Swiftness
 45320 | Elf:3    | Got an iridescent battleaxe {pain}
 45398 | Elf:3    | Identified the +1 battleaxe "Qakowiur" {pain, +Blink rN+
                  | Int-4 Dex+3} (You took it off a deep elf mage on level 3 of
                  | the Elven Halls)
 45538 | Elf:3    | Noticed a deep elf blademaster
 45546 | Elf:3    | Noticed a deep elf blademaster
 45552 | Elf:3    | Killed a deep elf blademaster
 45554 | Elf:3    | Killed a deep elf blademaster
 45567 | Elf:3    | Noticed a deep elf master archer
 45576 | Elf:3    | Noticed a deep elf master archer
 45585 | Elf:3    | Killed a deep elf master archer
 45609 | Elf:3    | Killed a deep elf master archer
 45609 | Elf:3    | Reached skill level 15 in Spellcasting
 45609 | Elf:3    | Reached skill level 5 in Hexes
 45616 | Elf:3    | Noticed a Tzitzimitl
 45903 | Elf:3    | Reached skill level 10 in Dodging
 45939 | Elf:3    | Found the +18 shield of the Gong {rElec rN+ MR+ EV-5}
 45976 | Elf:3    | Learned a level 5 spell: Dispel Undead
 45982 | Elf:3    | Learned a level 5 spell: Bolt of Draining
 45982 | Elf:3    | Identified the Guide on Enchanting Poisoning
 45984 | Elf:3    | Identified the Tome of Calling and Feathers
 46220 | Elf:3    | Got a sparkling sapphire amulet
 46221 | Elf:3    | Identified the amulet "Atzujeapn" {Faith *Drain rPois Int+4
                  | Dex+3} (You found it on level 3 of the Elven Halls)
 46237 | Elf:3    | Learned a level 2 spell: Shroud of Golubria
 46557 | Spider:1 | Entered Level 1 of the Spider Nest
 46946 | Spider:1 | Reached XP level 19. HP: 177/177 MP: 33/38
 47675 | Spider:1 | Reached skill level 1 in Conjurations
 47833 | Spider:2 | Learned a level 3 spell: Spectral Weapon
 47924 | Spider:2 | Reached skill level 10 in Invocations
 48482 | Spider:3 | Noticed Arachne
 48514 | Spider:2 | Killed Arachne
 48622 | Spider:3 | Noticed Roxanne
 49202 | Spider:3 | Reached skill level 5 in Earth Magic
 49759 | Spider:3 | Killed Roxanne
 49761 | Spider:3 | Identified Roxanne's Reference Book on Earth (You took it
                  | off Roxanne on level 3 of the Spider Nest)
 49802 | Spider:4 | Entered Level 4 of the Spider Nest
 50597 | Spider:4 | Reached skill level 1 in Translocations
 51256 | Spider:3 | Reached skill level 16 in Spellcasting
 52048 | Spider:4 | Got a gossamer rune of Zot
 52565 | Vaults:1 | Entered Level 1 of the Vaults
 52638 | Vaults:1 | Reached XP level 20. HP: 174/188 MP: 18/40
 53014 | Vaults:1 | Reached skill level 15 in Fighting
 53352 | Vaults:1 | Got a crystal hunting sling
 53678 | Vaults:1 | Reached skill level 10 in Air Magic
 54439 | Vaults:1 | Identified the +6 hunting sling of the Final Decision
                  | {venom, MR+ Int+2 Stlth+} (You found it on level 1 of the
                  | Vaults)
 54731 | Vaults:2 | Reached skill level 5 in Conjurations
 55780 | Vaults:2 | Reached XP level 21. HP: 179/197 MP: 18/41
 55792 | Vaults:2 | Reached skill level 17 in Spellcasting
 56313 | Vaults:2 | Found a staircase to the Crypt.
 57237 | Vaults:3 | Got a faintly glowing quarterstaff
 57238 | Vaults:3 | Identified the +6 quarterstaff "Reitzibb" {drain, rN++ MR+
                  | MP+9 Str-2} (You found it on level 3 of the Vaults)
 59190 | Vaults:3 | Reached XP level 22. HP: 146/207 MP: 38/43
 59230 | Vaults:4 | Found Xaoteoh's Assorted Antiques.
 59244 | Vaults:4 | Bought a scroll of magic mapping for 119 gold pieces
 61341 | Depths:1 | Entered Level 1 of the Depths
 61362 | Depths:1 | Reached skill level 18 in Spellcasting
 61634 | Depths:1 | Found a one-way gate to the infinite horrors of the Abyss.
 61650 | Depths:1 | Found Ciuqex's Antique Armour Emporium.
 61918 | Depths:1 | Found a gateway to Hell.
 62517 | Depths:2 | Found Ziutt's Book Emporium.
 62517 | Depths:2 | Noticed Sojobo
 62550 | Depths:2 | Killed Sojobo
 62829 | Depths:2 | Found Ibronag's Armour Emporium.
 62833 | Depths:2 | Found a runed gate.
 62833 | Depths:2 | Found a runed gate.
 62833 | Depths:2 | Found a runed gate.
 62977 | Depths:2 | Bought the +0 cloak of the Dwarven Hall {rF+ MR+ Slay+3
                  | SInv} for 490 gold pieces
 63030 | Depths:2 | Bought a book of Burglary for 1425 gold pieces
 63036 | Depths:2 | Learned a level 5 spell: Lee's Rapid Deconstruction
 63048 | Depths:2 | Found Leskaunn's Antique Armour Emporium.
 63182 | Depths:2 | Noticed Pepega's ghost (adept CeHu)
 63269 | Depths:2 | Reached XP level 23. HP: 209/216 MP: 6/45
 63516 | Depths:2 | Found a gateway to a ziggurat.
 63854 | Depths:3 | You fall through a shaft for 2 floors!
 63854 | Depths:5 | Entered Level 5 of the Depths
 63880 | Depths:4 | Found a one-way gate leading to the halls of Pandemonium.
 63955 | Depths:3 | Noticed Asterion
 63968 | Depths:3 | Found Fumpoic's Book Shop.
 63974 | Depths:3 | Noticed Jory
 63983 | Depths:3 | Killed from afar by a deep troll earth mage

Skill      XL: |  1  2  3  4  5  6  7  8  9 10 11 12 13 14 15 16 17 18 19 20 21 22 23 |
---------------+----------------------------------------------------------------------+-----
Necromancy     | 4 5 6 7 8 9 10 11 12 13 14 | 14.0
Fighting       | 1 2 4 6 7 8 9 10 11 12 13 14 15 16 | 16.7
Spellcasting   | 3 4 5 6 7 8 10 11 12 13 14 15 16 17 18 | 18.5
Polearms       | 1 3 4 5 6 7 8 9 10 11 12 13 | 13.2
Dodging        | 2 3 4 5 6 7 8 9 10 11 12 | 12.1
Summonings     | 2 4 6 |  6.0
Armour         | 4 5 |  5.9
Ice Magic      | 1 3 |  3.3
Air Magic      | 3 4 5 7 9 10 11 | 11.5
Invocations    | 1 3 5 6 7 8 9 10 | 10.2
Earth Magic    | 3 4 5 6 7 8 |  8.5
Charms         | 3 4 |  4.0
Shields        | 6 9 |  9.4
Hexes          | 2 4 5 |  5.2
Conjurations   | 3 5 7 9 |  9.7
Translocations | 2 |  2.1
Maces & Flails | |  0.7
Stealth        | |  1.4
Evocations     | |  0.1

Action                   |  1- 3 |  4- 6 |  7- 9 | 10-12 | 13-15 | 16-18 | 19-21 | 22-24 || total
-------------------------+-------+-------+-------+-------+-------+-------+-------+-------++-------
Melee: Club              |     9 |       |       |       |       |       |       |       ||     9
       Unarmed           |     6 |       |       |       |       |       |       |       ||     6
       Whip              |    17 |       |   236 |   249 |    13 |       |       |       ||   515
       Spear             |     2 |    61 |    14 |   195 |   484 |    14 |       |       ||   770
       Flail             |       |       |       |    11 |     2 |       |       |       ||    13
       Dagger            |       |       |       |     1 |       |       |       |       ||     1
       Trident           |       |       |       |       |   303 |   576 |   823 |   328 ||  2030
       Demon trident     |       |       |       |       |       |       |       |    19 ||    19
Throw: Stone             |       |       |     4 |     9 |       |       |       |       ||    13
       Tomahawk          |       |       |       |       |     1 |       |       |       ||     1
 Cast: Pain              |    66 |   104 |   131 |   357 |    40 |     3 |       |       ||   701
       Animate Skeleton  |    10 |    20 |    22 |    40 |    46 |    18 |    22 |    14 ||   192
       Vampiric Draining |       |       |    14 |   120 |    11 |     4 |       |       ||   149
       Animate Dead      |       |       |       |    27 |    55 |    49 |    77 |    19 ||   227
       Ozocubu's Armour  |       |       |       |    26 |    12 |     3 |    26 |    14 ||    81
       Summon Lightning  |       |       |       |     8 |   111 |    73 |    60 |    19 ||   271
       Summon Guardian G |       |       |       |     3 |    13 |       |       |       ||    16
       Borgnjor's Vile C |       |       |       |       |   156 |   222 |   202 |    63 ||   643
       Regeneration      |       |       |       |       |     4 |       |       |     3 ||     7
       Apportation       |       |       |       |       |     1 |       |       |     1 ||     2
       Spectral Weapon   |       |       |       |       |       |       |    46 |    14 ||    60
       Shroud of Golubri |       |       |       |       |       |       |    28 |     6 ||    34
       Silence           |       |       |       |       |       |       |     3 |       ||     3
Invok: Ancestor Identity |       |       |       |     1 |       |       |       |       ||     1
       Recall Ancestor   |       |       |       |     3 |     4 |     5 |    10 |       ||    22
       Ancestor Life: Kn |       |       |       |     1 |       |       |       |       ||     1
       Idealise          |       |       |       |       |       |     1 |     6 |     8 ||    15
Evoke: Wand              |       |       |       |    20 |     8 |    32 |     1 |       ||    61
       Phial of floods   |       |       |       |       |       |     1 |       |       ||     1
       Fan of gales      |       |       |       |       |       |       |       |     1 ||     1
  Use: Scroll            |       |     6 |    11 |    14 |    20 |    24 |     4 |     6 ||    85
       Potion            |       |     1 |     2 |     7 |     8 |    10 |     3 |     4 ||    35
 Stab: Sleeping          |     2 |     5 |     6 |     6 |     3 |     1 |     3 |       ||    26
       Distracted        |       |       |       |     9 |    18 |    13 |    28 |     6 ||    74
       Invisible         |       |       |       |       |     2 |     2 |       |       ||     4
       Held in net/web   |       |       |       |       |       |       |     1 |       ||     1
  Eat: Chunk             |     4 |     4 |    12 |    30 |    34 |    17 |    19 |    15 ||   135
       Ration            |       |     1 |     2 |     5 |     7 |     7 |     6 |     1 ||    29
Armor: Robe              |    12 |    23 |    66 |    97 |     3 |       |     2 |       ||   203
       Skin              |       |     5 |       |       |       |       |       |       ||     5
       Troll leather arm |       |       |       |    50 |   139 |   102 |   124 |    43 ||   458
Dodge: Dodged            |    28 |    51 |   150 |   321 |   237 |   196 |   266 |    95 ||  1344
       Deflected         |       |       |       |       |    28 |    21 |    28 |    15 ||    92
Block: Shield            |       |       |       |       |       |   161 |   285 |    79 ||   525
